 Dungeon Crawl Stone Soup version 0.14-a0-1036-g6cac21b (webtiles) character file.

495 4tharraofdagon the Poker (level 6, -4/49 HPs)
             Began as a Djinni Abyssal Knight on Nov 24, 2013.
             Was a Believer of Lugonu.
             Slain by an orc wizard
             ... wielding a -1,+0 orcish long sword
              (7 damage)
             ... on Level 8 of the Dungeon.
             The game lasted 00:09:54 (1710 turns).

4tharraofdagon the Poker (Djinni Abyssal Knight)    Turns: 1710, Time: 00:09:55

HP  -4/49        AC 11     Str 15      XL: 6   Next: 54%
MP   0/0         EV  8     Int 12      God: Lugonu [**....]
Gold 94          SH  0     Dex 17      Spells:  0 memorised,  5 levels left

Res.Fire  : + + +   See Invis. : .   f - +1,+3 orc glaive
Res.Cold  : x . .   Warding    : .   r - +0 plate armour
Life Prot.: + + +   Conserve   : .   (no shield)
Res.Poison: .       Res.Corr.  : .   (no helmet)
Res.Elec. : .       Clarity    : .   (no cloak)
Sust.Abil.: . .     Spirit.Shd : .   (no gloves)
Res.Mut.  : .       Stasis     : .   (boots unavailable)
Res.Rott. : .       Flight     : +   (no amulet)
Saprovore : . . .                    (no ring)
                                     (no ring)

@: agile, flying, slightly resistant to hostile enchantments, extremely
unstealthy
A: fire immunity, cold vulnerability, life protection 3
a: Depart the Abyss, Bend Space, Renounce Religion


You were on level 8 of the Dungeon.
You worshipped Lugonu.
Lugonu was pleased with you.
You were not hungry.

You visited 1 branch of the dungeon, and saw 8 of its levels.
You visited the Abyss 1 time.

You collected 94 gold pieces.

Inventory:

Hand weapons
 a - a +2,+2 spear
 f - a +1,+3 orcish glaive (weapon)
 n - a +0 orcish blowgun
Armour
 b - a +0 leather armour
 i - a +0 chain mail
 r - a +0 plate armour (worn)
Scrolls
 c - a scroll of random uselessness
 e - a scroll of identify
 l - a scroll of noise
Jewellery
 d - an uncursed ring of hunger {unknown}
 h - an uncursed ring of hunger {unknown}
Potions
 j - a potion of curing
 o - a potion of brilliance
 s - 2 potions of agility


   Skills:
 + Level 3.9 Fighting
 * Level 4.9 Polearms
 + Level 3.8 Armour
 - Level 0.8 Dodging
 + Level 2.7 Invocations


You had 5 spell levels left.
You didn't know any spells.

Dungeon Overview and Level Annotations

Branches:
Dungeon (8/16)             Temple (0/1) D:7
   Lair: D:8-11

Altars:
Fedhas

Annotations:
D:7 Menkaure


Innate Abilities, Weirdness & Mutations

You are immune to all types of fire, even holy and hellish.
You are vulnerable to cold.
You need no food.
You have no legs.
You are immune to negative energy.


Message History

The orc wizard casts a spell at you. The magic dart hits you!
* * * LOW HITPOINT WARNING * * *
The crimson imp blinks!
The giant gecko bites you but does no damage.
Unknown command.
Drink which item? (? for menu, Esc to quit)
You feel better.
The orc wizard hits you with an orcish long sword.
* * * LOW HITPOINT WARNING * * *
The giant gecko bites you but does no damage.
Drink which item? (? for menu, Esc to quit)
You feel more agile all of a sudden. The orc wizard casts a spell at you.
The magic dart hits you!
* * * LOW HITPOINT WARNING * * *
The giant gecko bites you.
* * * LOW HITPOINT WARNING * * *
The orc wizard hits you with an orcish long sword!
You die...

###.c..## . #.#
###### .. #.# .. #.#
# .. #w# # #.
##.######
############# #.
#.......#
.o..........# #.
#.......#
#########...#
#l####.......# #
#...# #.@o)§.......#
# #...#
######...<...# #
#...# #§......#
#...########.......#
#.............######
#...###########
#...# #...# #...#


You could see an orc wizard and a giant gecko.

Vanquished Creatures
  An ogre (D:5)
  Blork the orc (D:5)
  2 crimson imps
  A giant frog zombie (D:6)
  Ijyb (D:7)
  An ogre skeleton (D:5)
  4 adders
  3 worms
  3 oozes
  A giant cockroach (D:3)
  6 goblins
  4 hobgoblins
  A quokka (D:6)
  6 bats
  3 giant geckos
  2 giant newts
  10 jackals
  2 kobolds
  8 rats
60 creatures vanquished.

Vanquished Creatures (others)
  An orc priest (D:8)
  An orc wizard (D:8)
2 creatures vanquished.

Grand Total: 62 creatures vanquished

Notes
Turn   | Place    | Note
--------------------------------------------------------------
     0 | Abyss:1  | 4tharraofdagon, the Djinni Abyssal Knight, began the quest for the Orb.
     0 | Abyss:1  | Reached XP level 1. HP: 15/15 MP: 0/0
    29 | Abyss:1  | Noticed an ice devil
    32 | Abyss:1  | Noticed a chaos spawn
    37 | Abyss:1  | Noticed a neqoxec
    40 | Abyss:1  | Noticed a quasit
    44 | Abyss:1  | Noticed an ancient zyme
    45 | D:1      | Escaped the Abyss
   138 | D:1      | Acquired Lugonu's first power
   210 | D:1      | Reached XP level 2. EP: 21/21
   408 | D:1      | archaeo: you're a lady Dj
   423 | D:1      | 4tharraofdagon: hahaha
   423 | D:1      | 4tharraofdagon: yea
   532 | D:2      | Reached skill level 3 in Fighting
   536 | D:2      | Reached XP level 3. EP: 26/28
   669 | D:3      | Acquired Lugonu's second power
   858 | D:3      | Found a blossoming altar of Fedhas.
  1159 | D:5      | Entered Level 5 of the Dungeon
  1160 | D:5      | Noticed an ogre
  1174 | D:5      | Noticed Blork the orc
  1191 | D:5      | Killed an ogre
  1191 | D:5      | Reached skill level 4 in Polearms
  1191 | D:5      | Reached XP level 4. EP: 26/35
  1191 | D:5      | Reached XP level 5. EP: 31/42
  1199 | D:5      | Killed Blork the orc
  1236 | D:5      | Noticed an ice beast
  1284 | D:6      | Reached XP level 6. EP: 46/49
  1313 | D:6      | Noticed an ice beast
  1393 | D:8      | Noticed a wyvern
  1423 | D:7      | Noticed Ijyb
  1430 | D:7      | Noticed Menkaure
  1444 | D:7      | Killed Ijyb
  1489 | D:7      | Found a staircase to the Ecumenical Temple.
  1529 | D:8      | Acquired Lugonu's third power
  1680 | D:8      | rip
  1710 | D:8      | Slain by an orc wizard

Action                   |  1- 3 |  4- 6 || total
-------------------------+-------+-------++-------
Melee: Spear             |   146 |     6 ||   152
       Glaive            |       |    78 ||    78
Invok: Depart the Abyss  |     1 |       ||     1
       Banish            |       |     1 ||     1
  Use: Scroll            |     4 |     5 ||     9
       Potion            |     4 |     5 ||     9
 Stab: Sleeping          |     2 |       ||     2
       Invisible         |     1 |     1 ||     2
